 Dungeon Crawl Stone Soup version 0.29.1-13-g9f3cf754e1 (webtiles) character file.

Game seed: 38992035714899927

1045 javelincjr the Magician (level 8, -2/52 HPs)
             Began as a Djinni Hedge Wizard on Jan 24, 2023.
             Slain by an orc warrior
             ... wielding a +0 short sword
              (6 damage)
             ... on level 4 of the Dungeon.
             The game lasted 00:34:47 (7755 turns).

javelincjr the Magician (Djinni Hedge Wizard)       Turns: 7755, Time: 00:34:48

Health: -2/52      AC:  2    Str:  9    XL:     8   Next: 50%
Gold:   281        EV: 12    Int: 17    God:
                   SH:  5    Dex: 14

rFire   + + .      SeeInvis .   d - +4 dagger
rCold   x . .      Faith    .   z - +1 buckler {rPois}
rNeg    . . .      Spirit   .   b - +0 robe
rPois   ∞          Reflect  .   c - +0 hat
rElec   .          Harm     .   (no cloak)
rCorr   .          Rampage  .   (no gloves)
Will    .....                   (boots unavailable)
Stlth   ++........              m - amulet of the acrobat
HPRegen 0.17/turn               (no ring)
MPRegen 0.00/turn               (no ring)

@: flying
A: sickness immunity, fire resistance 2, cold vulnerability 1, float, innate
caster, HP casting, extra vitality 1
a: no special abilities


You were on level 4 of the Dungeon.
You visited 1 branch of the dungeon, and saw 5 of its levels.

You collected 281 gold pieces.

Inventory:

Hand Weapons
 a - a +0 dagger
 d - a +4 dagger (weapon)
Missiles
 r - 2 curare-tipped darts
Armour
 b - a +0 robe (worn)
 c - a +0 hat (worn)
 z - a +1 buckler of poison resistance (worn)
Jewellery
 m - an amulet of the acrobat (around neck)
 o - an amulet of reflection
Scrolls
 e - a scroll of teleportation {unknown}
 h - 4 scrolls of identify {unknown}
 j - a scroll of poison {unknown}
 k - a scroll of silence {unknown}
 n - a scroll of enchant weapon {unknown}
 p - 3 scrolls of enchant armour {unknown}
 s - a scroll of amnesia {unknown}
 t - a scroll of vulnerability {unknown}
 u - a scroll of torment {unknown}
 v - a scroll of noise {unknown}
 w - 4 scrolls of magic mapping {unknown}
 x - a scroll of fear {unknown}
 y - a scroll of fog {unknown}
Potions
 f - a potion of mutation {unknown}
 g - a potion of degeneration {unknown}
 l - a potion of curing
 q - 3 potions of cancellation {unknown}


   Skills:
 + Level 1.1 Fighting
 + Level 2.1 Short Blades
 + Level 3.5 Dodging
 + Level 3.0 Stealth
 + Level 1.9 Shields
 + Level 6.3 Spellcasting


You had one spell level left.
You knew the following spells:

 Your Spells              Type           Power      Damage    Failure   Level
a - Magic Dart            Conj           100%       1d8       1%          1
b - Blink                 Tloc           52%        N/A       1%          2
c - Call Imp              Summ           26%        N/A       1%          2
d - Slow                  Hex            100%       N/A       1%          1
e - Conjure Flame         Conj/Fire      26%        6-21      3%          3
f - Mephitic Cloud        Conj/Pois/Air  26%        N/A       3%          3
g - Sting                 Tmut/Pois      100%       1d8       1%          1
h - Passwall              Tmut/Erth      21%        N/A       1%          2
i - Ozocubu's Armour      Ice            26%        N/A       3%          3
Your spell library was empty.

Dungeon Overview and Level Annotations

Branches:
Dungeon (5/15)
 Temple: D:4-7

Altars:
Nemelex Xobeh


Innate Abilities, Weirdness & Mutations

You are immune to sickness and miasma.
You are immune to poison.
Your flesh is very heat resistant. (rF++)
You are vulnerable to cold. (rC-)
You float through the air rather than walking.
You learn spells naturally, not from books.
Your magical power is your life essence.
You have superior vitality. (+4 MHP)


Message History

The orc warrior is poisoned.
The orc warrior hits you with a +0 short sword!
Casting: Sting (safe; 1% risk of failure)
Confirm with . or Enter, or press ? or * to list all spells.
A beastly little devil appears in a puff of flame.
The orc warrior hits you with a +0 short sword.
Unknown command.
Casting: Call Imp (safe; 1% risk of failure)
Confirm with . or Enter, or press ? or * to list all spells.
You blink.
The orc warrior unwields a +0 short sword.
The orc warrior wields a +0 sling.
The orc warrior shoots a sling bullet.
The sling bullet closely misses your crimson imp.
The sling bullet hits you!
The orc warrior shoots a sling bullet.
The sling bullet misses your crimson imp.
The sling bullet closely misses you.
Your crimson imp hits the orc warrior but does no damage.
The orc warrior shoots a sling bullet.
The sling bullet hits your crimson imp!!
Your crimson imp dies!
Your crimson imp disappears in a puff of smoke!
Casting: Blink (safe; 1% risk of failure)
Confirm with . or Enter, or press ? or * to list all spells.
A beastly little devil appears in a puff of flame.
You feel stable enough to blink again.
The orc warrior shoots a sling bullet.
The sling bullet hits you!
* * * LOW HITPOINT WARNING * * *
The orc warrior looks more healthy.
Your crimson imp hits the orc warrior but does no damage.
You hit the orc warrior but do no damage.
The orc warrior is lightly wounded.
The orc warrior unwields a +0 sling.
The orc warrior wields a +0 short sword.
The orc warrior barely misses you.
You hit the orc warrior but do no damage.
The orc warrior is lightly wounded.
Your crimson imp hits the orc warrior but does no damage.
The orc warrior hits you with a +0 short sword.
You die...

###....# ###.....#
####.## #.....#
#..####.....#
##...##.....# ####
###..###.### ..>#
##.###.# ...#####
#..(..###
#......######....###
##>.......# #..o@..#
########## #..5...#
#>..^..# ########


You could see an orc warrior (ally target) and a friendly crimson imp
(summoned).

Vanquished Creatures
  Sigmund (D:3)
  An ogre (D:4)
  A centaur (D:4)
  A phantom (D:4)
  4 scorpions
  A howler monkey (D:3)
  A gnoll bouda (D:4)
  An iguana (D:5)
  Terence (D:3)
  6 gnolls
  2 adders
  An ufetubus (D:4)
  2 worms
  2 dart slugs (D:1)
  5 orcs
  6 bats
  7 endoplasms
  3 giant cockroaches
  8 goblins
  7 hobgoblins
  5 jackals
  8 kobolds
  A quokka (D:2)
  3 ball pythons
  6 frilled lizards (D:1)
  2 rats
86 creatures vanquished.

Vanquished Creatures (collateral kills)
  A hound (D:4)
  6 gnolls
  An adder (D:3)
  2 endoplasms (D:1)
  A goblin (D:1)
  A hobgoblin (D:1)
  7 jackals
  2 quokkas
  A ball python (D:4)
  2 rats (D:1)
24 creatures vanquished.

Grand Total: 110 creatures vanquished

Notes
Turn   | Place    | Note
-------+----------+-------------------------------------------
     0 | D:1      | javelincjr the Djinni Hedge Wizard began the quest for the
                  | Orb.
     0 | D:1      | javelincjr set off with the following spells memorised:
                  | Magic Dart, Blink, Call Imp, Slow, Conjure Flame, Mephitic
                  | Cloud.
     0 | D:1      | Reached XP level 1. HP: 15/15 MP: 0/0
   214 | D:1      | Reached XP level 2. HP: 7/21 MP: 0/0
   890 | D:1      | Reached XP level 3. HP: 21/25 MP: 0/0
   890 | D:1      | Learned a level 1 spell: Sting
  1288 | D:1      | Reached skill level 3 in Spellcasting
  2190 | D:2      | Reached XP level 4. HP: 29/31 MP: 0/0
  2523 | D:2      | Noticed a scorpion
  2539 | D:2      | Killed a scorpion
  2540 | D:2      | Reached skill level 1 in Short Blades
  2540 | D:2      | Reached XP level 5. HP: 26/35 MP: 0/0
  2540 | D:2      | Learned a level 2 spell: Passwall
  2650 | D:2      | Found a sparkling altar of Nemelex Xobeh.
  3214 | D:3      | Noticed Terence
  3250 | D:3      | Killed Terence
  3251 | D:3      | Reached skill level 4 in Spellcasting
  3559 | D:3      | Reached XP level 6. HP: 38/40 MP: 0/0
  4010 | D:3      | Noticed Sigmund
  4053 | D:3      | Killed Sigmund
  4054 | D:3      | Reached skill level 1 in Shields
  4054 | D:3      | Reached skill level 5 in Spellcasting
  4054 | D:3      | Reached XP level 7. HP: 28/45 MP: 0/0
  4054 | D:3      | Learned a level 3 spell: Ozocubu's Armour
  6367 | D:4      | Noticed a steam dragon
  6367 | D:4      | Noticed a yak
  6374 | D:4      | Reached XP level 8. HP: 7/51 MP: 0/0
  6838 | D:4      | Reached skill level 6 in Spellcasting
  6981 | D:5      | Entered Level 5 of the Dungeon
  7007 | D:5      | Reached skill level 1 in Fighting
  7755 | D:4      | Slain by an orc warrior

Illustrated notes

Levels and vault maps discovered:
D:1:      spicycebolla_green_bress_n_ham, layout_loops_ring
D:2:      layout_basic, basic_altar, nicolae_figureground_pulse
D:3:      layout_loops_corners, grunt_decor_fettered,
          chequers_serial_rivers_small_b, uniq_sigmund, uniq_terence
D:4:      layout_rooms, minmay_divided_ellipse
D:5:      layout_basic, minmay_temple_entry_offerings

Skill      XL: |  1  2  3  4  5  6  7  8 |
---------------+-------------------------+-----
Spellcasting   | 3 4 5 6 |  6.3
Stealth        | 2 3 |  3.0
Short Blades   | 1 2 |  2.1
Shields        | 1 |  1.9
Dodging        | 3 |  3.5
Fighting       | 1 |  1.1

Action                   |  1- 3 |  4- 6 |  7- 9 || total
-------------------------+-------+-------+-------++-------
Melee: Dagger            |    23 |    25 |    61 ||   109
 Cast: Magic Dart        |    47 |    32 |    75 ||   154
       Call Imp          |    10 |     9 |    13 ||    32
       Sting             |     1 |    24 |    23 ||    48
       Slow              |       |     8 |     9 ||    17
       Conjure Flame     |       |     6 |       ||     6
       Mephitic Cloud    |       |     2 |     3 ||     5
       Passwall          |       |       |     2 ||     2
       Blink             |       |       |     4 ||     4
 Stab: Sleeping          |     1 |       |       ||     1
Armor: Robe              |     9 |     3 |     5 ||    17
Dodge: Dodged            |    16 |    20 |    93 ||   129
Block: Buckler           |     1 |     4 |    47 ||    52
       Reflection        |       |       |     5 ||     5
